 Dungeon Crawl Stone Soup version 0.30.0-12-gd5a94ecb5d (webtiles) character file.

Game seed: 14164874178360037290

135 Thargor the Vexing (level 4, -1/36 HPs)
             Began as a Demigod Enchanter on May 17, 2023.
             Slain by a jelly (3 damage)
             ... on level 3 of the Dungeon.
             The game lasted 00:05:20 (2094 turns).

Thargor the Vexing (Demigod Enchanter)              Turns: 2094, Time: 00:05:21

Health: -1/36      AC:  0    Str: 13    XL:     4   Next: 65%
Magic:  10/10      EV:  9    Int: 17    God:
Gold:   160        SH:  0    Dex: 14    Spells: 7/7 levels left

rFire   . . .        d - +1 spear (venom)
rCold   . . .        (no shield)
rNeg    . . .        o - +0 scale mail
rPois   .            (no helmet)
rElec   .            j - +0 cloak
rCorr   .            (no gloves)
SInv    .            (no boots)
Will    .....        (no amulet)
Stlth   +            (no ring)
HPRegen 0.26/turn    (no ring)
MPRegen 0.12/turn

%: no passive effects
@: corroded, invisible
A: high MP 1, forlorn, divine attributes
a: no special abilities


You were on level 3 of the Dungeon.
You visited 1 branch of the dungeon, and saw 3 of its levels.

You collected 160 gold pieces.

Inventory:

Hand Weapons
 a - a +1 dagger
 d - a +1 spear of venom (weapon)
Missiles
 i - 3 javelins (quivered)
Armour
 b - a +0 robe
 j - a +0 cloak (worn)
 o - a +0 scale mail (worn)
Scrolls
 f - 2 scrolls of identify {unknown}
 g - 2 scrolls of brand weapon {unknown}
 h - 2 scrolls of amnesia {unknown}
 k - a scroll of enchant armour {unknown}
 l - a scroll of summoning {unknown}
 m - a scroll of immolation {unknown}
 n - a scroll of enchant weapon {unknown}
 r - a scroll of vulnerability {unknown}
Potions
 c - a potion of invisibility
 e - a potion of resistance {unknown}
 p - a potion of haste {unknown}
 q - a potion of curing {unknown}


   Skills:
 + Level 1.6 Fighting
 - Level 0.8 Short Blades
 + Level 1.6 Armour
 + Level 2.6 Dodging
 - Level 2.6 Stealth
 + Level 2.4 Spellcasting
 + Level 3.3 Hexes


You had 7 spell levels left.
You didn't know any spells.
Your spell library contained the following spells:

 Spells                   Type           Power      Damage    Failure   Level
 Ensorcelled Hibernation  Hex/Ice        14%        N/A       54%         2
 Confusing Touch          Hex            13%        N/A       54%         3
 Tukima's Dance           Hex            13%        N/A       54%         3
 Dazzling Flash           Conj/Hex       14%        N/A       78%         3


Dungeon Overview and Level Annotations

Branches:
Dungeon (3/15)

Shops:
D:1 (


Innate Abilities, Weirdness & Mutations

You have an increased reservoir of magic. (+10% MP)
You shall have no god before yourself.
Your divine heritage dramatically boosts your attributes as you level up.


Message History

You feel as though Xom is toying with you.
Suddenly, the walls become transparent!
You open the door.
A jelly comes into view.
You reach to attack!
You catch the helpless jelly completely off-guard!
You puncture the jelly!
The jelly is heavily wounded.
You hit the jelly.
Your hands burn!
The jelly is severely wounded.
The jelly barely misses you.
You hit the jelly.
The jelly is poisoned.
Your hands burn!
The jelly is severely wounded.
The jelly hits you but does no damage.
You hit the jelly.
You kill the jelly!
You open the door. You open the door.
A jelly is nearby!
You hit the jelly but do no damage.
Your hands burn!
The jelly hits you but does no damage.
You hit the jelly.
Your hands burn!
The jelly is moderately wounded.
The jelly hits you but does no damage. The jelly barely misses you.
You hit the jelly. The acid corrodes you!
Your hands burn!
The jelly is heavily wounded.
The jelly closely misses you.
You hit the jelly.
The jelly is poisoned.
The acid corrodes you!
Your hands burn!
The jelly is heavily wounded.
The jelly hits you.
You are splashed with acid!
You are too injured to fight recklessly!
The jelly attacks as you move away! The jelly barely misses you.
The jelly attacks as you move away! The jelly hits you.
You are splashed with acid!
* * * LOW HITPOINT WARNING * * *
The jelly attacks as you move away! The jelly barely misses you.
You fade into invisibility!
The jelly hits you.
You die...

############ #..........#
########..........# ##
#.....#...g@J.....#
.#####.###.#.##'##'##'#.....
.......# #....#.##.##.#....#
.#####†###.####+##+##+##.#.#
.#####.....####.... # #
..^..#........#..._
##...###########...
##...##### # .#...#...#


You could see a jelly (poisoned) and a neutral goblin (wandering, unable to see
you).

Vanquished Creatures
  A jelly (D:3)
  Natasha (D:2)
  4 adders
  A worm (D:2)
  9 ball pythons
  3 endoplasms
  3 giant cockroaches
  2 goblins
  A hobgoblin (D:1)
  3 jackals (D:2)
  2 quokkas
  3 bats
  2 frilled lizards (D:1)
  5 kobolds
  A rat (D:2)
41 creatures vanquished.

Notes
Turn   | Place    | Note
-------+----------+-------------------------------------------
     0 | D:1      | Thargor the Demigod Enchanter began the quest for the Orb.
     0 | D:1      | Reached XP level 1. HP: 14/14 MP: 5/5
   114 | D:1      | Found Ziuz's Weapon Shoppe.
   176 | D:1      | Reached XP level 2. HP: 22/22 MP: 7/7
   920 | D:2      | Noticed Natasha
   925 | D:2      | Killed Natasha
   926 | D:2      | Reached skill level 1 in Fighting
   926 | D:2      | Reached skill level 1 in Armour
   926 | D:2      | Reached skill level 3 in Hexes
   926 | D:2      | Reached XP level 3. HP: 28/28 MP: 8/8
  1473 | D:2      | Reached XP level 4. HP: 31/35 MP: 10/10
  2091 | D:3      | HP: 1/36 [acid (12)]
  2094 | D:3      | Slain by a jelly

Illustrated notes

Levels and vault maps discovered:
D:1:      dpeg_arrival_three_smaller_balls, layout_basic,
          shapermc_ecumenical_altar_petra, serial_shops, shop
D:2:      layout_loops_corners, palyth_stone_intersect, minmay_box_of_dots,
          uniq_natasha
D:3:      layout_loops_ring, dk_xom_monty_hall, nicolae_elevator_lobby_plus

Skill      XL: |  1  2 |
---------------+-------+-----
Dodging        | 2 |  2.6
Spellcasting   | 2 |  2.4
Fighting       | 1 |  1.6
Armour         | 1 |  1.6
Hexes          | 3 |  3.3
Short Blades   | |  0.8
Stealth        | |  2.6

Action                     |  1- 3 |  4- 6 || total
---------------------------+-------+-------++-------
  Melee: Dagger            |    22 |       ||    22
         Spear             |    65 |    35 ||   100
    Use: Potion            |       |     1 ||     1
   Stab: Sleeping          |     7 |     2 ||     9
         Distracted        |       |     1 ||     1
 Armour: Robe              |    10 |     1 ||    11
         Scale mail        |       |     8 ||     8
  Dodge: Dodged            |    50 |    14 ||    64
